AoeStats
← TWNBS_Jian Hei

Arena

510559737Analyzed
4v4 RM · 1d ago on Oct 1, 2026· 37m 12s· 8 players
Game mode
Random Map
Map size
Large (8 player)
Population
200
Speed
Normal
Resources
Standard
Victory
Conquest
Starting age
Dark Age
Ending age
Imperial Age
RankedLock teamsTeams togetherTeam positionsShared explorationLock speedFull tech treeHidden civsTurbo modeCheats
Victory
Defeat
🇨🇳 Britons · China
1655
+12
🇨🇴 Mongols · Colombia
1640
+12
🇳🇱 Bohemians · Netherlands
1593
+14
🇺🇸 Slavs · United States
1523
+17
🇹🇼 Burmese · Taiwan
1638
-17
🇦🇷 Goths · Argentina
1547
-14
🇹🇼 Spanish · Taiwan
1542
-13
🇹🇼 Turks · Taiwan
1486
-11
TW_HIHAO
10:55 Feudal Age
14:28 Castle Age
12:24 Double-Bit Axe
12:21 Horse Collar
15:16 Heavy Plow
15:27 Bow Saw
21:52 Wheelbarrow
22:14 Gold Mining
23:01 Hand Cart
23:14 Stone Mining
27:27 Imperial Age
25:07 Loom
25:26 Town Watch
26:39 Scale Mail Armor
26:49 Forging
26:01 Pikeman
26:41 Squires
27:51 Chain Mail Armor
28:00 Ballistics
28:34 Conscription
28:18 Anarchy
28:19 Perfusion
27:41 Halberdier
28:03 Treadmill Crane
29:27 Iron Casting
29:54 Chemistry
29:18 Conscription
30:24 Two-Man Saw
29:51 Capped Ram
30:08 Elite Huskarl
33:52 Blast Furnace
TW_Dinko
10:42 Feudal Age
11:57 Horse Collar
12:15 Double-Bit Axe
14:58 Castle Age
16:49 Bow Saw
21:41 Wheelbarrow
21:54 Heavy Plow
23:51 Loom
24:56 Gold Mining
25:04 Stone Mining
28:03 Imperial Age
26:15 Hand Cart
25:46 Town Watch
25:59 Fletching
26:09 Padded Archer Armor
26:00 Fletching
26:47 Bodkin Arrow
26:52 Padded Archer Armor
27:15 Padded Archer Armor
27:42 Scale Barding Armor
28:26 Leather Archer Armor
29:14 Gold Shaft Mining
29:22 Ballistics
29:11 Thumb Ring
28:34 Heavy Cavalry Archer
29:31 Bloodlines
29:21 Husbandry
29:31 Bloodlines
29:21 Husbandry
30:05 Parthian Tactics
31:07 Two-Man Saw
30:41 Conscription
31:17 Ring Archer Armor
31:23 Bracer
31:47 Husbandry
35:11 Forging
36:10 Sipahi
37:16 Hoardings
37:28 Chain Barding Armor
斷水流大師兄
11:30 Feudal Age
15:06 Castle Age
13:41 Horse Collar
13:49 Double-Bit Axe
16:54 Padded Archer Armor
23:49 Bloodlines
23:49 Husbandry
26:10 Leather Archer Armor
27:57 Gold Mining
TWNBS_Jian Hei
10:02 Feudal Age
14:02 Castle Age
11:54 Horse Collar
13:45 Loom
14:52 Heavy Plow
17:18 Loom
18:25 Wheelbarrow
19:07 Town Watch
21:09 Gold Mining
21:11 Stone Mining
23:01 Gold Shaft Mining
26:39 Imperial Age
26:36 Hand Cart
28:20 Chemistry
27:56 Conscription
29:23 Siege Engineers
29:37 Masonry
30:02 Fletching
30:44 Bodkin Arrow
31:32 Architecture
31:57 Bracer
Dreamer2599
11:30 Feudal Age
12:49 Double-Bit Axe
12:48 Horse Collar
15:30 Castle Age
16:17 Wheelbarrow
24:34 Gold Mining
25:12 Bow Saw
25:08 Heavy Plow
26:36 Loom
27:06 Hand Cart
30:52 Imperial Age
29:00 Scale Mail Armor
29:11 Forging
29:08 Pikeman
29:49 Squires
31:47 Chain Mail Armor
32:08 Iron Casting
32:56 Capped Ram
34:14 Man-at-Arms
35:22 Halberdier
EL TIGRE ABELARDO
10:39 Feudal Age
11:21 Double-Bit Axe
11:57 Horse Collar
14:40 Castle Age
13:21 Wheelbarrow
15:45 Bow Saw
15:35 Heavy Plow
17:01 Hand Cart
21:49 Stone Mining
22:16 Gold Mining
24:25 Stone Shaft Mining
24:26 Gold Shaft Mining
23:45 Loom
25:22 Town Watch
25:34 Fletching
29:21 Imperial Age
27:08 Husbandry
27:18 Bodkin Arrow
27:29 Padded Archer Armor
28:11 Ballistics
28:07 Thumb Ring
28:16 Bloodlines
28:30 Scale Barding Armor
29:00 Leather Archer Armor
29:00 Masonry
30:17 Chain Barding Armor
30:05 Bracer
31:30 Chemistry
30:59 Parthian Tactics
31:11 Conscription
30:55 Elite Mangudai
31:56 Drill
33:18 Forging
35:02 Murder Holes
36:13 Iron Casting
36:22 Hoardings
38:39 Blast Furnace
Moonfaller
9:49 Feudal Age
10:46 Double-Bit Axe
13:38 Castle Age
11:58 Horse Collar
14:11 Town Watch
22:03 Wheelbarrow
21:14 Loom
26:30 Imperial Age
24:27 Bow Saw
25:47 Hand Cart
25:41 Scale Mail Armor
25:43 Squires
25:45 Heavy Plow
27:12 Chemistry
27:36 Conscription
27:21 Pikeman
29:18 Chain Mail Armor
32:16 Plate Mail Armor
35:05 Forging
34:17 Halberdier
35:58 Two-Man Saw
35:20 Ballistics
35:11 Masonry
35:06 Siege Engineers
35:31 Fletching
35:41 Padded Archer Armor
35:47 Scale Barding Armor
35:57 Fervor
36:09 Sanctity
36:02 Fortified Wall
35:43 Guard Tower
36:11 Elite Skirmisher
36:49 Bodkin Arrow
37:16 Leather Archer Armor
克莱因蓝
10:22 Feudal Age
14:27 Castle Age
12:18 Double-Bit Axe
12:35 Horse Collar
16:04 Bow Saw
16:42 Fletching
19:30 Bodkin Arrow
20:56 Wheelbarrow
23:56 Ballistics
23:56 Gold Mining
24:50 Padded Archer Armor
26:24 Gold Shaft Mining
29:39 Imperial Age
27:54 Leather Archer Armor
28:14 Loom
28:15 Town Watch
30:22 Bracer
31:23 Chemistry
30:25 Elite Longbowman
31:37 Stone Mining
32:14 Conscription
33:20 Ring Archer Armor
33:47 Masonry
34:02 Yeomen
34:59 Guilds
35:41 Fortified Wall
37:32 Siege Engineers
Connection lost

Rejoining the realm…

Still unreachable

The connection could not be restored.

Session expired

The server has moved on; the page needs a fresh start.